 Dungeon Crawl Stone Soup version 0.28-a0-932-g843f935a50 (webtiles) character file.

Game seed: 15869398429011934067

18 Anon1729 the Vexing (level 2, 0/11 HPs)
             Began as a Felid Enchanter on Nov 27, 2021.
             Frozen to death by an endoplasm (5 damage)
             ... on level 2 of the Dungeon.
             The game lasted 00:00:58 (284 turns).

Anon1729 the Vexing (Felid Enchanter)                Turns: 284, Time: 00:00:58

Health: 0/11       AC:  1    Str:  4    XL:     2   Next: 48%
Magic:  0/6        EV: 17    Int: 16    God:
Gold:   0          SH:  0    Dex: 16    Spells: 3/5 levels left
                                        Lives:  0   Deaths: 0

rFire   . . .      SeeInvis +     - Unarmed
rCold   . . .      Faith    .   (shield unavailable)
rNeg    . . .      Spirit   .   (armour unavailable)
rPois   .          Reflect  .   (helmet unavailable)
rElec   .          Harm     .   (cloak unavailable)
rCorr   .          Rampage  .   (gloves unavailable)
Will    .....                   (boots unavailable)
Stlth   +++.......              (no amulet)
HPRegen 0.03/turn               (no ring)
MPRegen 0.10/turn               (no ring)

@: very slightly contaminated, quick
A: very small, claws 1, fangs 3, see invisible, speed 1, shaggy fur 1, stealthy
paws, no weapons or thrown items, no armour, multi-lived
a: no special abilities


You were on level 2 of the Dungeon.
You visited 1 branch of the dungeon, and saw 2 of its levels.

Inventory:

Jewellery
 b - a ring of ice
Scrolls
 c - 2 scrolls of identify {unknown}
Potions
 a - a potion of invisibility


   Skills:
 + Level 3.0 Dodging
 + Level 4.3 Stealth
 * Level 1.3 Unarmed Combat
 + Level 2.2 Spellcasting
 + Level 4.7 Hexes


You had 3 spell levels left.
You knew the following spells:

 Your Spells              Type           Power      Damage    Failure   Level
a - Ensorcelled Hibernat  Hex/Ice        18%        N/A       12%         2

Your spell library contained the following spells:

 Spells                   Type           Power      Damage    Failure   Level
 Confusing Touch          Hex            16%        N/A       9%          3
 Tukima's Dance           Hex            16%        N/A       9%          3
 Dazzling Flash           Conj/Hex       18%        N/A       24%         3


Dungeon Overview and Level Annotations

Branches:
Dungeon (1/15)

Altars:


Innate Abilities, Weirdness & Mutations

You have sharp claws.
You have razor-sharp teeth.
You have supernaturally acute eyesight. (SInv)
You cover ground quickly. (Speed+)
You are covered in fur. (AC +1)
Your paws help you pounce on unaware monsters.
You are incapable of wielding weapons or throwing items.
You cannot wear armour.
You gain extra lives every three experience levels.


Message History

An endoplasm is nearby!
An endoplasm is nearby!
The endoplasm quivers.
An endoplasm comes into view.
Found a lumpy amethyst potion.
The endoplasm quivers.
Found 10 gold pieces.
The endoplasm barely misses you.
Casting: Ensorcelled Hibernation (safe; 12% risk of failure)
Confirm with . or Enter, or press ? or * to list all spells.
Aiming: Ensorcelled Hibernation (safe; 12% risk of failure)
Press: ? - help, Shift-Dir - straight line, f - endoplasm
Aim: an endoplasm (chance to affect: 58%)
The endoplasm looks drowsy...
The helpless endoplasm fails to defend itself.
You claw the endoplasm!
You kill the endoplasm!
Casting: Ensorcelled Hibernation (safe; 12% risk of failure)
Confirm with . or Enter, or press ? or * to list all spells.
Aiming: Ensorcelled Hibernation (safe; 12% risk of failure)
Press: ? - help, Shift-Dir - straight line, f - endoplasm
Aim: an endoplasm (chance to affect: 58%)
The endoplasm resists with significant effort.
The endoplasm closely misses you.
Casting: Ensorcelled Hibernation (safe; 12% risk of failure)
Confirm with . or Enter, or press ? or * to list all spells.
Aiming: Ensorcelled Hibernation (safe; 12% risk of failure)
Press: ? - help, Shift-Dir - straight line, f/p - endoplasm
Aim: an endoplasm (chance to affect: 58%)
You miscast Ensorcelled Hibernation.
You are very lightly contaminated with residual magic.
Nothing appears to happen.
The endoplasm hits you.
You scratch the endoplasm.
The endoplasm is almost dead.
The endoplasm freezes you.
You are frozen.
You scratch the endoplasm but do no damage.
The endoplasm is almost dead.
The endoplasm freezes you.
You are frozen.
You die...

########## ......$.
#....!.# ### #......+
#.. #......# #.# #......
# #.# #.#..... .# #.#
.#.#.#J.###.# #.#
.......@.>..# #.#
.#.#.#..#.###.########.#
..............#....†...#
##.#.#..#.#####)########
#.#....# #.# # #...##
##'###### #...#
#.......# #...#
#.......#
#...#####.......#


You could see an endoplasm.

Vanquished Creatures
  An adder (D:2)
  2 endoplasms (D:2)
  A giant cockroach (D:2)
  2 jackals (D:1)
  A kobold (D:2)
  A rat (D:2)
8 creatures vanquished.

Notes
Turn   | Place    | Note
-------+----------+-------------------------------------------
     0 | D:1      | Anon1729 the Felid Enchanter began the quest for the Orb.
     0 | D:1      | Reached XP level 1. HP: 7/7 MP: 4/4
    99 | D:2      | Reached XP level 2. HP: 11/11 MP: 6/6
   103 | D:2      | Learned a level 2 spell: Ensorcelled Hibernation
   284 | D:2      | Frozen to death by an endoplasm

Illustrated notes

Levels and vault maps discovered:
D:1:      lightli_arrival_statuegarden, layout_loops_ring,
          hellmonk_ecumenical_altar_watching_god, roderic_roman_lattice
D:2:      layout_basic, serial_shops, nicolae_lakefront_shop, uniq_natasha

Skill      XL: |  1 |
---------------+----+-----
Dodging        | 3 |  3.0
Stealth        | |  4.3
Unarmed Combat | |  1.3
Spellcasting   | |  2.2
Hexes          | |  4.7

Action                   || total
-------------------------++-------
Melee: Unarmed           ||    13
 Cast: Ensorcelled Hiber ||     4
 Stab: Sleeping          ||     6
Dodge: Dodged            ||     4

Table legend: (Time is in decaauts)
 A = Elapsed time spent in this place.
 B = Non-inter-level travel time spent in this place.
 C = Inter-level travel time spent in this place.
 D = Time resting spent in this place.
 E = Time spent auto-exploring this place.
 F = Levels seen in this place.
 G = Mean time per level.
                   A        B        C        D        E       F      G
               +--------+--------+--------+--------+--------+-----+--------+
         Total |    248 |    248 |      0 |     21 |    166 |   2 |  124.0 |
       Dungeon |    248 |    248 |      0 |     21 |    166 |   2 |  124.0 |
               +--------+--------+--------+--------+--------+-----+--------+

Top non-repeatable levels by time:
     D:2: 170 daAuts
     D:1: 77 daAuts
